 Dungeon Crawl Stone Soup version 0.23.0 (webtiles) character file.

Game seed: 15242867763413524699

12180 Lanoc the Carver (level 11, -4/88 (89) HPs)
             Began as a Demonspawn Monk on Feb 12, 2019.
             Slain by a stone giant (23 damage)
             ... on level 11 of the Dungeon.
             The game lasted 00:21:45 (8770 turns).

Lanoc the Carver (Demonspawn Monk)                  Turns: 8770, Time: 00:21:46

HP:   -4/88 (89)    AC: 13    Str: 14    XL:     11   Next: 59%
MP:   8/11          EV: 11    Int: 16    God:
Gold: 626           SH:  0    Dex: 20    Spells: 10/10 levels left

rFire    + . .     SeeInvis .   s - +11 great sword of Causality {elec, +Inv rC+ Int+4}
rCold    + + .     Gourm    .   (shield currently unavailable)
rNeg     . . .     Faith    .   r - +0 chain mail
rPois    .         Spirit   .   (no helmet)
rElec    .         Reflect  .   y - scarf {rC+ rF+}
rCorr    .         Harm     .   (no gloves)
MR       .....                  (boots unavailable)
Stlth    ..........             t - amulet of the acrobat
HPRegen  0.24/turn              b - +4 ring of dexterity
MPRegen  0.12/turn              a - ring of stealth

@: no status effects
A: talons 3, slimy green scales 2, powered by death 2, MP-powered wands
a: Evoke Invisibility


You were on level 11 of the Dungeon.
You were hungry.

You visited 2 branches of the dungeon, and saw 12 of its levels.

You collected 867 gold pieces.
You spent 241 gold pieces at shops.

Inventory:

Hand Weapons
 s - the +11 great sword of Causality (weapon) {elec, +Inv rC+ Int+4}
   (You bought it in a shop on level 4 of the Dungeon)

   Occasionally, upon striking a foe, it will discharge some electrical energy
   and cause terrible harm.
   It affects your intelligence (+4).
   It protects you from cold.
   It lets you turn invisible.
Armour
 r - a +0 chain mail (worn)
 y - a scarf of resistance (worn)
 A - a cursed +0 buckler
Jewellery
 a - a ring of stealth (right hand)
 b - a +4 ring of dexterity (left hand)
 t - an amulet of the acrobat (around neck)
 u - an uncursed ring of magical power
Wands
 e - a wand of flame (9)
 l - a wand of paralysis (4)
 q - a wand of iceblast (9)
 C - a wand of acid (10)
 D - a wand of random effects (22)
Scrolls
 d - 6 scrolls of teleportation {unknown}
 g - 11 scrolls of remove curse
 h - 2 scrolls of blinking {unknown}
 j - a scroll of fog
 n - 2 scrolls of noise {unknown}
 o - 2 scrolls of enchant armour
 p - 2 scrolls of magic mapping
 w - 2 scrolls of fear {unknown}
 x - a scroll of enchant weapon
 B - 2 scrolls of amnesia
Potions
 f - 3 potions of lignification
 i - 2 potions of curing
 k - a potion of cancellation
 m - 5 potions of flight
 v - a potion of mutation
 z - 2 potions of magic
 F - a potion of brilliance {unknown}
Comestibles
 c - 14 rations
 E - 10 chunks of flesh


   Skills:
 + Level 9.0 Fighting
 * Level 11.0 Long Blades
 + Level 7.6 Armour
 + Level 8.3 Dodging
 - Level 2.0 Stealth


You had 10 spell levels left.
You didn't know any spells.
Your spell library contained the following spells:

 Spells                   Type           Power        Failure   Level  Hunger
 Animate Skeleton         Necr           N/A          99%         1    ##.....
 Apportation              Tloc           #.....       99%         1    ##.....
 Confusing Touch          Hex            #.....       99%         1    ##.....
 Flame Tongue             Conj/Fire      #....        99%         1    ##.....
 Shock                    Conj/Air       #...         99%         1    ##.....
 Summon Small Mammal      Summ           #...         99%         1    ##.....
 Swiftness                Chrm/Air       #.......     100%        2    ###....
 Throw Flame              Conj/Fire      #.....       100%        2    ###....
 Conjure Flame            Conj/Fire      #.......     100%        3    ####...
 Inner Flame              Hex/Fire       #.......     100%        3    ####...
 Static Discharge         Conj/Air       #.......     100%        3    ####...
 Airstrike                Air            #.........   100%        4    #####..
 Sticky Flame             Conj/Fire      #.......     100%        4    #####..
 Fireball                 Conj/Fire      #.........   100%        5    ######.
 Lightning Bolt           Conj/Air       #.........   100%        5    ######.


Dungeon Overview and Level Annotations

Branches:
Dungeon (11/15)            Temple (1/1) D:4            Lair (0/6) D:10
    Orc (0/2) D:10

Altars:
Ashenzari
Cheibriados
Dithmenos
Elyvilon
Fedhas
Gozag
Hepliaklqana
Kikubaaqudgha
Makhleb
Nemelex Xobeh
Okawaru
Qazlal
Ru
Sif Muna
Trog
Uskayaw
Vehumet
Wu Jian
Xom
Yredelemnul
Zin
The Shining One

Shops:
D:4 (

Annotations:
D:4 1 runed translucent door, Rhok's ghost, amateur BaGl


Innate Abilities, Weirdness & Mutations

You have claws for feet.
You are mostly covered in slimy green scales. (AC +3)
You regenerate health from kills.
You expend magic power (3 MP) to strengthen your wands.


Message History

You hit the stone giant but do no damage.
Lightning courses through the stone giant!
The stone giant is lightly wounded.
You slash the stone giant!
You claw the stone giant, but do no damage.
The stone giant is moderately wounded.
The stone giant hits you!
* * * LOW HITPOINT WARNING * * *
You hit the stone giant but do no damage.
You claw the stone giant, but do no damage.
The stone giant is moderately wounded.
The stone giant hits you.
* * * LOW HITPOINT WARNING * * *
You hit the stone giant but do no damage.
Lightning courses through the stone giant!
You claw the stone giant, but do no damage.
The stone giant is heavily wounded.
A worker ant comes into view.
The stone giant hits you!!
You die...

..............+ #
.........†....# .#
.............)#..#
.................#
##.#########.### ###
.#.#.#.# ##.#.## #..
......####.###.###.#
###....##.## ##.##.+
#(#...##.## ##@#(#
##.##...## ##C.# +
..#.#.##.# #.#.#.#
..###..##.# #.##.a.#
......## #.# #.#
#†### .#.#.#.# #.#C#
#.. ##.##### #.#
#### ...... .....
#####. ## ##


You could see a stone giant and a worker ant (wandering).

Vanquished Creatures
  A fire dragon (D:9)
  The ghost of theswoord the Basher, a novice NaBe of Trog (D:8)
  An unseen horror (D:9)
  Pikel (D:7)
  An ugly thing (D:11)
  A gargoyle (D:11)
  A hornet (D:10)
  A troll (D:11)
  A hippogriff (D:11)
  A wyvern (D:9)
  Eustachio (D:4)
  19 yaks
  A steam dragon (D:11)
  7 wargs (D:10)
  A soldier ant (D:10)
  Duvessa (D:7)
  A water moccasin (D:11)
  A black bear (D:10)
  3 orc warriors
  An ice beast (D:9)
  A slave (D:7)
  A necrophage (D:11)
  2 phantoms
  An eye of draining (D:11)
  2 ogres
  A sky beast (D:11)
  3 centaurs
  A big kobold (D:8)
  7 bullfrogs
  Dowan (D:7)
  2 scorpions (D:11)
  3 jellies
  6 killer bees (D:7)
  A wight (D:11)
  8 howler monkeys
  10 crimson imps
  2 bullfrog zombies
  A bullfrog skeleton (D:10)
  4 orc priests
  4 hounds
  A centaur skeleton (D:7)
  2 iguanas
  7 orc wizards
  Ijyb (D:3)
  Terence (D:3)
  12 worker ants
  A centaur simulacrum (D:8)
  A bullfrog simulacrum (D:8)
  A hound zombie (D:7)
  A hound skeleton (D:6)
  A howler monkey zombie (D:11)
  9 gnolls
  A howler monkey skeleton (D:8)
  7 adders
  A shadow imp (D:8)
  3 oozes
  A spectral adder (D:8)
  2 adder zombies (D:8)
  2 dart slugs
  9 leopard geckos
  27 orcs
  5 giant cockroaches
  9 goblins
  5 hobgoblins
  10 jackals
  9 kobolds
  2 quokkas
  6 bats
  10 frilled lizards
  10 rats
264 creatures vanquished.

Vanquished Creatures (others)
  A slave (D:7)
  Menkaure (D:7)
  2 withered plants (D:4)
4 creatures vanquished.

Grand Total: 268 creatures vanquished

Notes
Turn   | Place    | Note
-------+----------+-------------------------------------------
     0 | D:1      | Lanoc the Demonspawn Monk began the quest for the Orb.
     0 | D:1      | Reached XP level 1. HP: 18/18 MP: 1/1
   262 | D:1      | Gained mutation: You regenerate a little health from kills.
                  | [demonic ancestry]
   262 | D:1      | Reached XP level 2. HP: 24/24 MP: 2/2
   432 | D:1      | Reached skill level 1 in Armour
  1187 | D:2      | Gained mutation: You are partially covered in slimy green
                  | scales. (AC +2) [demonic ancestry]
  1187 | D:2      | Reached XP level 3. HP: 29/29 MP: 3/3
  1370 | D:2      | Gained mutation: You expend magic power (3 MP) to
                  | strengthen your wands. [potion of mutation]
  1370 | D:2      | Gained mutation: You are mostly covered in slimy green
                  | scales. (AC +3) [potion of mutation]
  1653 | D:3      | Reached skill level 3 in Long Blades
  1653 | D:3      | Gained mutation: You have sharp toenails. [demonic
                  | ancestry]
  1653 | D:3      | Reached XP level 4. HP: 24/37 MP: 4/4
  1920 | D:3      | Noticed Terence
  1947 | D:3      | Killed Terence
  1947 | D:3      | Reached XP level 5. HP: 42/42 MP: 5/5
  2049 | D:3      | Noticed Ijyb
  2061 | D:3      | Killed Ijyb
  2216 | D:3      | Noticed a phantom
  2244 | D:3      | Killed a phantom
  2244 | D:3      | Reached skill level 4 in Long Blades
  2244 | D:3      | Gained mutation: You regenerate health from kills. [demonic
                  | ancestry]
  2244 | D:3      | Reached XP level 6. HP: 25/48 MP: 6/6
  2808 | D:4      | Found Fuetega's Antique Weapon Shoppe.
  2938 | D:4      | Found a staircase to the Ecumenical Temple.
  2947 | Temple   | Entered the Ecumenical Temple
  3120 | D:4      | Noticed Eustachio
  3168 | D:4      | Killed Eustachio
  3168 | D:4      | Reached XP level 7. HP: 51/55 MP: 7/7
  3220 | D:4      | Found a runed translucent door.
  3222 | D:4      | Noticed Rhok's ghost (amateur BaGl)
  3360 | D:4      | Found a shimmering altar of Xom.
  3444 | D:4      | Reached skill level 5 in Long Blades
  3461 | D:4      | Bought a dazzling great sword for 241 gold pieces
  3463 | D:4      | Identified the +11 great sword of Causality {elec, +Inv rC+
                  | Int+4} (You bought it in a shop on level 4 of the Dungeon)
  3637 | D:5      | Entered Level 5 of the Dungeon
  4637 | D:6      | Reached skill level 5 in Fighting
  4678 | D:6      | Found a burning altar of Makhleb.
  4681 | D:6      | Noticed a green death
  4685 | D:6      | Found a glowing silver altar of Zin.
  4685 | D:6      | Noticed an angel
  4797 | D:6      | Gained mutation: You have razor-sharp toenails. [demonic
                  | ancestry]
  4797 | D:6      | Reached XP level 8. HP: 61/62 MP: 8/8
  4906 | D:6      | Reached skill level 6 in Long Blades
  4907 | D:6      | Reached skill level 5 in Dodging
  5131 | D:7      | Noticed Pikel
  5139 | D:7      | Killed Pikel
  5154 | D:7      | Reached skill level 7 in Long Blades
  5160 | D:7      | Noticed Menkaure
  5165 | D:7      | Killed Menkaure
  5385 | D:7      | Gained mutation: You have claws for feet. [demonic
                  | ancestry]
  5385 | D:7      | Reached XP level 9. HP: 46/69 MP: 9/9
  5425 | D:7      | Noticed Dowan
  5428 | D:7      | Noticed Duvessa
  5434 | D:7      | Killed Duvessa
  5434 | D:7      | Reached skill level 5 in Armour
  5443 | D:7      | Killed Dowan
  5602 | D:7      | Found a deep blue altar of Sif Muna.
  5729 | D:8      | Found a snail-covered altar of Cheibriados.
  5856 | D:8      | Found an opulent altar of Gozag.
  5856 | D:8      | Found a basalt altar of Yredelemnul.
  5965 | D:8      | Found a runed translucent gate.
  5965 | D:8      | Found a runed translucent gate.
  5965 | D:8      | Found a runed translucent gate.
  5968 | D:8      | Noticed theswoord's ghost (novice NaBe)
  6111 | D:8      | Killed theswoord's ghost
  6111 | D:8      | Reached skill level 8 in Long Blades
  6410 | D:9      | Killed an unseen horror
  6410 | D:9      | Reached XP level 10. HP: 35/79 MP: 10/10
  6614 | D:9      | Got a translucent flail
  6674 | D:9      | Identified the cursed +1 flail of Embarrassment {freeze,
                  | rN+ Int+2} (You found it on level 9 of the Dungeon)
  6708 | D:9      | Noticed a fire dragon
  6718 | D:9      | Killed a fire dragon
  6718 | D:9      | Reached skill level 9 in Long Blades
  7516 | D:10     | Entered Level 10 of the Dungeon
  7736 | D:10     | Reached skill level 10 in Long Blades
  7769 | D:10     | Mutation became permanent: You are partially covered in
                  | slimy green scales. (AC +2) [demonic ancestry]
  7769 | D:10     | Gained mutation: You are mostly covered in slimy green
                  | scales. (AC +3) [demonic ancestry]
  7769 | D:10     | Reached XP level 11. HP: 86/86 MP: 11/11
  7830 | D:10     | Found a staircase to the Orcish Mines.
  7955 | D:10     | Found a staircase to the Lair.
  8758 | D:11     | Noticed a white ugly thing
  8759 | D:11     | Noticed a stone giant
  8766 | D:11     | Killed a white ugly thing
  8766 | D:11     | Reached skill level 11 in Long Blades
  8770 | D:11     | Slain by a stone giant

Skill      XL: |  1  2  3  4  5  6  7  8  9 10 11 |
---------------+----------------------------------+-----
Armour         | 1 2 3 4 5 6 7 |  7.6
Dodging        | 3 4 5 6 7 8 |  8.3
Stealth        | 2 |  2.0
Long Blades    | 3 4 5 7 8 10 11 | 11.0
Fighting       | 4 5 6 7 8 9 |  9.0

Action                   |  1- 3 |  4- 6 |  7- 9 | 10-12 || total
-------------------------+-------+-------+-------+-------++-------
Melee: Dagger            |   184 |   186 |    53 |       ||   423
       Falchion          |     9 |       |       |       ||     9
       Kick              |       |    64 |    64 |    73 ||   201
       Great sword       |       |       |   155 |   194 ||   349
  Use: Potion            |     2 |       |       |     3 ||     5
       Scroll            |       |     5 |     8 |     3 ||    16
 Stab: Sleeping          |     3 |     2 |       |       ||     5
  Eat: Chunk             |     2 |     9 |    10 |     4 ||    25
       Ration            |       |       |       |     1 ||     1
Armor: Robe              |    69 |    36 |       |       ||   105
       Chain mail        |       |    51 |   139 |   102 ||   292
Dodge: Dodged            |   110 |   104 |   134 |   176 ||   524
       Rpst.: Falchion   |     2 |       |       |       ||     2
       Great sword       |       |       |    30 |    46 ||    76
